 Dungeon Crawl Stone Soup version 0.30.1-4-g462c640d31 (webtiles) character file.

Game seed: 6649589921735970864

25 croobank the Trooper (level 2, -1/27 HPs)
             Began as an Armataur Cinder Acolyte on Aug 25, 2023.
             Was a High Priest of Ignis.
             Slain by a goblin
             ... wielding a +0 dagger
             ... led by Robin
              (3 damage)
             ... on level 2 of the Dungeon.
             The game lasted 00:03:50 (1027 turns).

croobank the Trooper (Armataur Cinder Acolyte)      Turns: 1027, Time: 00:03:50

Health: -1/27      AC:  5    Str: 19    XL:     2   Next: 86%
Magic:  4/4        EV: 14    Int: 14    God:    Ignis [*****.]
Gold:   91         SH:  0    Dex:  5    Spells: 3/3 levels left

rFire   + . .        a - -1 short sword (flame)
rCold   . . .        (no shield)
rNeg    . . .        b - +0 robe
rPois   .            (no helmet)
rElec   .            i - +0 cloak
rCorr   +            (no gloves)
SInv    .            (no barding)
Will    .....        (no amulet)
Stlth   +            e - +5 ring of evasion
HPRegen 0.24/turn    h - ring of resist corrosion
MPRegen 0.09/turn

%: roll
@: attractive
A: large, rugged brown scales 3, deformed body, armoured tail, roll, long
tongue, awkward tongue
a: Renounce Religion, Fiery Armour, Foxfire Swarm, Rising Flame


You were on level 2 of the Dungeon.
You worshipped Ignis.
Ignis was extremely pleased with you.
You visited 1 branch of the dungeon, and saw 2 of its levels.

You collected 91 gold pieces.

Inventory:

Hand Weapons
 a - a -1 short sword of flaming (weapon)
Armour
 b - a +0 robe (worn)
 c - a +0 tower shield
 i - a +0 cloak (worn)
Jewellery
 e - a +5 ring of evasion (left hand)
 h - a ring of resist corrosion (right hand)
Scrolls
 g - a scroll of immolation {unknown}
 j - a scroll of acquirement {unknown}
 k - a scroll of brand weapon {unknown}
 l - a scroll of torment {unknown}


   Skills:
 + Level 3.0 Fighting
 + Level 2.9 Short Blades
 + Level 0.6 Armour
 + Level 1.3 Spellcasting
 + Level 2.9 Fire Magic


You had 3 spell levels left.
You didn't know any spells.
Your spell library contained the following spells:

 Spells                   Type           Power      Damage    Failure   Level
 Scorch                   Fire           18%        2d6       11%         2
 Gell's Gravitas          Tloc           0%         N/A       58%         3
 Teleport Other           Tloc           0%         N/A       58%         3
 Dispersal                Tloc           0%         N/A       100%        6


Dungeon Overview and Level Annotations

Branches:
Dungeon (2/15)

Altars:

Shops:
D:2 (

Annotations:
D:2 Robin


Innate Abilities, Weirdness & Mutations

You are completely covered in rugged brown scales. (AC +3, +7% HP)
Armour fits poorly on your strangely shaped body.
You have a long armoured tail.
You roll when moving toward enemies. (Rampage)
Your long tongue fully drains potion bottles. (2x potion effects)
Your tongue gives you trouble enunciating. (1.5x scroll delay)


Message History

The goblin barely misses you.
You closely miss Robin. You tail-slap Robin, but do no damage.
Robin is moderately wounded.
The goblin completely misses you. Robin closely misses you.
The goblin hits you but does no damage.
You hit Robin but do no damage.
Your tail-slap misses Robin.
Robin is moderately wounded.
Robin barely misses you. The goblin barely misses you.
The goblin closely misses you.
You hit Robin but do no damage. You punch Robin, but do no damage.
Robin is moderately wounded.
The goblin closely misses you. Robin closely misses you.
The goblin hits you with a +0 dagger.
* * * LOW HITPOINT WARNING * * *
You closely miss Robin.
Robin is moderately wounded.
Robin hits you but does no damage. The goblin closely misses you.
The goblin hits you but does no damage.
You closely miss Robin. You tail-slap Robin!
Robin is almost dead.
Robin hits you but does no damage. The goblin barely misses you.
The goblin misses you.
You aren't carrying any potions.
You barely miss Robin. You tail-slap Robin, but do no damage.
Robin is almost dead.
You closely miss Robin.
Robin is almost dead.
The goblin barely misses you. Robin barely misses you. The goblin misses you.
You hit Robin but do no damage.
Robin is almost dead.
Robin hits you but does no damage. The goblin hits you with a +0 club.
* * * LOW HITPOINT WARNING * * *
The goblin hits you with a +0 dagger.
* * * LOW HITPOINT WARNING * * *
You hit Robin. You burn Robin.
Robin is almost dead.
The goblin no longer looks unusually strong.
The goblin completely misses you. Robin completely misses you.
The goblin hits you with a +0 dagger.
You die...

#.#.# # #.#.# # #
##.#.## #.#
#.....# #.###
#.....# .....
#.)...##### .....
########......(...
..:..
#gg..........##.#.
.r...
#@#############.#.
..... #g# #.#.
.....


ggg #... ..... #.gg. ###. ..... #..... #. ..... #...... #. ..... ##.##########
##### ..... #........... ..... ....... ..... You could see Robin, a hobgoblin
(strong) and 6 goblins.

Vanquished Creatures
  A worm (D:2)
  3 ball pythons
  An endoplasm (D:1)
  2 hobgoblins (D:1)
  A quokka (D:1)
  3 frilled lizards
  6 goblins
  2 kobolds (D:1)
  A rat (D:1)
20 creatures vanquished.

Notes
Turn   | Place    | Note
-------+----------+-------------------------------------------
     0 | D:1      | croobank the Armataur Cinder Acolyte began the quest for
                  | the Orb.
     0 | D:1      | Reached XP level 1. HP: 19/19 MP: 2/2
   193 | D:1      | Found a faded altar of an unknown god.
   415 | D:1      | Reached XP level 2. HP: 26/26 MP: 3/3
   783 | D:2      | Noticed Robin
   908 | D:2      | Found Leufus's Weapon Emporium.
   934 | D:2      | Reached skill level 3 in Fighting
  1026 | D:2      | HP: 1/27 [goblin/+0 dagger[Robin] (1)]
  1027 | D:2      | Slain by a goblin

Illustrated notes

Levels and vault maps discovered:
D:1:      grunt_arrival_crossed_arrows, layout_loops_ring,
          dreamdust_ecumenical_altar_hidden_monk_grotto
D:2:      layout_basic, serial_shops, nicolae_shop_advertising_works
          [nicolae_subvault_shop_adworks], basic_altar, uniq_robin

Skill      XL: |  1  2 |
---------------+-------+-----
Fighting       | 3 |  3.0
Short Blades   | |  2.9
Armour         | |  0.6
Spellcasting   | |  1.3
Fire Magic     | |  2.9

Action                     || total
---------------------------++-------
  Melee: Short sword       ||   125
         Tailslap          ||    10
         Punch             ||     2
    Use: Potion            ||     2
 Armour: Robe              ||    35
  Dodge: Dodged            ||    93
